[Event "Live Chess"]
[Site "Chess.com"]
[Date "2021.02.06"]
[Round "2"]
[White "SriAnshDumpala"]
[Black "ArnavRavi3"]
[Result "0-1"]
[CurrentPosition "8/pp3kp1/8/2p1B2p/5K2/6P1/r6r/8 b - -"]
[Timezone "UTC"]
[ECO "C54"]
[ECOUrl "https://www.chess.com/openings/Giuoco-Piano-Game-Center-Attack-5...exd4-6.cxd4"]
[UTCDate "2021.02.06"]
[UTCTime "19:01:40"]
[WhiteElo "879"]
[BlackElo "1030"]
[TimeControl "1200+10"]
[Termination "ArnavRavi3 won by resignation"]
[StartTime "19:01:40"]
[EndDate "2021.02.06"]
[EndTime "19:08:21"]
[Link "https://www.chess.com/live/game/6472135338"]

1. e4 e5 2. Nf3 Nc6 3. Bc4 Bc5 4. c3 Nf6 5. d4 exd4 6. cxd4 Nxd4 7. Nxd4 d5 8. exd5 Nxd5 9. Bd2 Bxd4 10. Bxd5 Bxb2 11. Bc3 Bxa1 12. Bxa1 Bf5 13. Bxf7+ Kxf7 14. Nc3 Re8+ 15. Kf1 Bd3+ 16. Kg1 Re7 17. g3 Be4 18. f3 Qxd1+ 19. Nxd1 Bxf3 20. Nf2 Bxh1 21. Kxh1 Rd8 22. Kg2 Re2 23. Bc3 c5 24. Kh3 Rxf2 25. Ba5 Rdd2 26. Bc3 Rxh2+ 27. Kg4 h5+ 28. Kf4 Rxa2 29. Be5 0-1

[Event "Live Chess"]
[Site "Chess.com"]
[Date "2021.02.06"]
[Round "2"]
[White "kombat-khushi"]
[Black "shasasha"]
[Result "0-1"]
[CurrentPosition "2kr1bnr/ppp4p/3p2p1/1b2p3/1B2P2p/2P2R2/P2P1P2/nN1K2q1 w - -"]
[Timezone "UTC"]
[ECO "C24"]
[ECOUrl "https://www.chess.com/openings/Bishops-Opening-Berlin-Defense"]
[UTCDate "2021.02.06"]
[UTCTime "19:01:48"]
[WhiteElo "422"]
[BlackElo "797"]
[TimeControl "1200+10"]
[Termination "shasasha won by checkmate"]
[StartTime "19:01:48"]
[EndDate "2021.02.06"]
[EndTime "19:10:56"]
[Link "https://www.chess.com/live/game/6472136144"]

1. e4 e5 2. Bc4 Nf6 3. Qf3 Qe7 4. g4 Nc6 5. g5 Na5 6. Bd3 Ng8 7. b4 Nc6 8. Bc4 f6 9. Ba3 d6 10. b5 Na5 11. Qh5+ g6 12. Qd1 Nxc4 13. Bc1 Bd7 14. c3 Bxb5 15. Qe2 Na3 16. Qe3 Nc2+ 17. Kd1 Nxe3+ 18. Ke1 Nc2+ 19. Kd1 Nxa1 20. h4 fxg5 21. Rh3 gxh4 22. Rf3 O-O-O 23. Ba3 Qg5 24. Bb4 Qxg1# 0-1

[Event "Live Chess"]
[Site "Chess.com"]
[Date "2021.02.06"]
[Round "2"]
[White "chessaryaman"]
[Black "Saif_Chess"]
[Result "1-0"]
[CurrentPosition "8/7R/p7/6Q1/4P3/3p1P1k/P1P5/5K2 b - -"]
[Timezone "UTC"]
[ECO "B20"]
[ECOUrl "https://www.chess.com/openings/Sicilian-Defense-Bowdler-Attack"]
[UTCDate "2021.02.06"]
[UTCTime "19:01:51"]
[WhiteElo "867"]
[BlackElo "895"]
[TimeControl "1200+10"]
[Termination "chessaryaman won by checkmate"]
[StartTime "19:01:51"]
[EndDate "2021.02.06"]
[EndTime "19:12:05"]
[Link "https://www.chess.com/live/game/6472136784"]

1. e4 c5 2. Bc4 Nf6 3. Nc3 Nc6 4. Na4 b6 5. d3 Bb7 6. Bg5 e5 7. Bxf6 Qxf6 8. Nf3 Bd6 9. Nc3 Nd4 10. Bd5 Bxd5 11. Nxd5 Qe6 12. Ng5 Qg6 13. h4 O-O 14. b4 h6 15. bxc5 bxc5 16. Rb1 f6 17. Rb7 fxg5 18. Rxd7 Bb8 19. Ne7+ Kf7 20. Nxg6+ Kxg6 21. Qb1 Rf6 22. Qb7 Ne6 23. Qxa8 Nf4 24. Qxb8 Nxg2+ 25. Kf1 Nxh4 26. Qe8+ Kh7 27. Qxe5 a6 28. Qe7 Kg6 29. Qxg7+ Kh5 30. Qxf6 c4 31. Rxh4+ Kxh4 32. Qxh6+ Kg4 33. Rf7 cxd3 34. f3+ Kg3 35. Qxg5+ Kh3 36. Rh7# 1-0

[Event "Live Chess"]
[Site "Chess.com"]
[Date "2021.02.06"]
[Round "2"]
[White "Ekam_Dublin"]
[Black "SuperRockstar"]
[Result "0-1"]
[CurrentPosition "Q7/8/8/R1P2p2/1P6/4k3/8/1r2K3 w - -"]
[Timezone "UTC"]
[ECO "C26"]
[ECOUrl "https://www.chess.com/openings/Vienna-Game-Falkbeer-Stanley-Variation"]
[UTCDate "2021.02.06"]
[UTCTime "19:01:45"]
[WhiteElo "1015"]
[BlackElo "845"]
[TimeControl "1200+10"]
[Termination "SuperRockstar won by checkmate"]
[StartTime "19:01:45"]
[EndDate "2021.02.06"]
[EndTime "19:15:38"]
[Link "https://www.chess.com/live/game/6472137551"]

1. e4 e5 2. Bc4 Nf6 3. Nc3 Nc6 4. Nf3 h6 5. h3 Bb4 6. a3 Bxc3 7. dxc3 O-O 8. O-O d6 9. Re1 Re8 10. b4 a6 11. Bb3 Be6 12. c4 b5 13. c5 Bxb3 14. cxb3 dxc5 15. bxc5 Qxd1 16. Rxd1 Rad8 17. Rxd8 Rxd8 18. Bb2 Re8 19. b4 Nxe4 20. Re1 Nf6 21. Kf1 Re6 22. Nxe5 g5 23. Nxc6 Rxc6 24. Re3 Nd5 25. Re8+ Kh7 26. Rh8+ Kg6 27. Rg8+ Kh7 28. Rh8+ Kg6 29. Re8 Re6 30. Rd8 Nf4 31. Rd2 f5 32. Rd7 c6 33. Rd6 Kf7 34. Rd7+ Kg6 35. Ra7 Re2 36. Bc1 Rc2 37. Bxf4 gxf4 38. Rxa6 Kg5 39. Rxc6 Kh4 40. Rxh6+ Kg5 41. Rb6 Kh4 42. Rxb5 f3 43. gxf3 Kxh3 44. Ke1 Kg2 45. a4 Kxf3 46. a5 Rxf2 47. a6 Ra2 48. Ra5 Rb2 49. a7 Ke3 50. a8=Q Rb1# 0-1

[Event "Live Chess"]
[Site "Chess.com"]
[Date "2021.02.06"]
[Round "2"]
[White "vikrams76"]
[Black "Pranil09"]
[Result "1-0"]
[CurrentPosition "5kr1/p3np2/2p2p2/2p1p2p/4P3/P1r2P2/1R3P1P/3QK2R b - -"]
[Timezone "UTC"]
[ECO "C46"]
[ECOUrl "https://www.chess.com/openings/Four-Knights-Game"]
[UTCDate "2021.02.06"]
[UTCTime "19:02:00"]
[WhiteElo "815"]
[BlackElo "627"]
[TimeControl "1200+10"]
[Termination "vikrams76 won by resignation"]
[StartTime "19:02:00"]
[EndDate "2021.02.06"]
[EndTime "19:15:26"]
[Link "https://www.chess.com/live/game/6472138029"]

1. e4 e5 2. Nf3 Nc6 3. Nc3 Nf6 4. d3 Bb4 5. Bg5 h6 6. Bxf6 gxf6 7. a3 Bxc3+ 8. bxc3 d6 9. c4 Bg4 10. c3 h5 11. d4 Bxf3 12. gxf3 Rg8 13. d5 Ne7 14. c5 dxc5 15. Bb5+ c6 16. dxc6 bxc6 17. Ba4 Rb8 18. Qc1 Qa5 19. Bb3 Rxb3 20. Qd1 Qxc3+ 21. Ke2 Qb2+ 22. Ke1 Rc3 23. Rb1 Kf8 24. Rxb2 1-0

[Event "Live Chess"]
[Site "Chess.com"]
[Date "2021.02.06"]
[Round "2"]
[White "Relish_potatoes"]
[Black "ChessbroSunguy"]
[Result "1-0"]
[CurrentPosition "2kr4/pQ4Rp/3b1p2/1pp5/4P3/2P5/P3N1P1/RN2KB2 b - -"]
[Timezone "UTC"]
[ECO "C33"]
[ECOUrl "https://www.chess.com/openings/Kings-Gambit-Accepted"]
[UTCDate "2021.02.06"]
[UTCTime "19:02:05"]
[WhiteElo "565"]
[BlackElo "323"]
[TimeControl "1200+10"]
[Termination "Relish_potatoes won by checkmate"]
[StartTime "19:02:05"]
[EndDate "2021.02.06"]
[EndTime "19:08:22"]
[Link "https://www.chess.com/live/game/6472139167"]

1. e4 e5 2. f4 exf4 3. d3 Qh4+ 4. Kd2 Bb4+ 5. c3 Bc5 6. d4 Be7 7. Kc2 d6 8. Ne2 Nf6 9. Bxf4 Qh5 10. Kd2 Nc6 11. d5 Na5 12. b4 Nc4+ 13. Ke1 Bg4 14. h3 Qh4+ 15. Bg3 Qg5 16. hxg4 Nxg4 17. Bf4 Qh4+ 18. Rxh4 O-O-O 19. Rxg4 c5 20. bxc5 dxc5 21. Qa4 Rhf8 22. Qxc4 f6 23. d6 Rxd6 24. Bxd6 Bxd6 25. Qd5 Rd8 26. Rxg7 b5 27. Qb7# 1-0

[Event "Live Chess"]
[Site "Chess.com"]
[Date "2021.02.06"]
[Round "2"]
[White "luckybananas"]
[Black "tastycelery7"]
[Result "0-1"]
[CurrentPosition "8/8/8/8/8/1k6/8/1K5r w - -"]
[Timezone "UTC"]
[ECO "C48"]
[ECOUrl "https://www.chess.com/openings/Four-Knights-Game-Spanish-Variation-Ranken-Variation-5...dxc6-6.Nxe5"]
[UTCDate "2021.02.06"]
[UTCTime "19:01:45"]
[WhiteElo "1052"]
[BlackElo "1456"]
[TimeControl "1200+10"]
[Termination "tastycelery7 won by checkmate"]
[StartTime "19:01:45"]
[EndDate "2021.02.06"]
[EndTime "19:17:02"]
[Link "https://www.chess.com/live/game/6472139631"]

1. e4 e5 2. Nf3 Nc6 3. Nc3 Nf6 4. Bb5 a6 5. Bxc6 dxc6 6. Nxe5 Bd6 7. Nf3 Bg4 8. d3 O-O 9. Bg5 h6 10. h3 Bxf3 11. Bxf6 Bxd1 12. Bxd8 Bxc2 13. Bh4 Bxd3 14. O-O-O Bf4+ 15. Rd2 Bxd2+ 16. Kxd2 Bb5 17. a4 g5 18. Bg3 Rad8+ 19. Kc2 Bd3+ 20. Kb3 f5 21. exf5 Rxf5 22. Bxc7 Rd7 23. Bg3 b5 24. axb5 axb5 25. Rd1 Bc4+ 26. Kc2 Bb3+ 27. Kxb3 Rxd1 28. Nxd1 Rd5 29. Ne3 Rd3+ 30. Kb4 Rd2 31. Kc5 Rxb2 32. Kxc6 b4 33. Nc4 Rc2 34. Kb5 b3 35. Na3 b2 36. f4 Rc1 37. fxg5 b1=Q+ 38. Nxb1 Rxb1+ 39. Kc5 hxg5 40. Kd5 Rg1 41. Bd6 Rxg2 42. Be7 Rg3 43. h4 g4 44. Bd6 Rh3 45. Ke4 g3 46. Kf3 Rxh4 47. Bxg3 Rh7 48. Kg4 Kf7 49. Kf4 Ke6 50. Ke4 Rg7 51. Be5 Rg4+ 52. Kf3 Rg1 53. Bd4 Rd1 54. Ba7 Ra1 55. Bd4 Ra4 56. Bh8 Kf5 57. Ke3 Kg4 58. Bf6 Kf5 59. Bd4 Ra3+ 60. Kd2 Ke4 61. Bb2 Rd3+ 62. Kc2 Ke3 63. Bc1+ Ke4 64. Bd2 Rh3 65. Bc3 Rf3 66. Kb2 Kd5 67. Kb3 Kc5 68. Kc2 Kc4 69. Bg7 Rd3 70. Kb2 Kb4 71. Kc2 Kc4 72. Kb2 Rd2+ 73. Kc1 Rg2 74. Kd1 Rxg7 75. Ke2 Rg3 76. Kf2 Rb3 77. Ke2 Kd4 78. Kf2 Ke4 79. Ke2 Rb2+ 80. Kd1 Ke3 81. Kc1 Rg2 82. Kd1 Rh2 83. Kc1 Kd3 84. Kb1 Kc3 85. Ka1 Kb3 86. Kb1 Rh1# 0-1

[Event "Live Chess"]
[Site "Chess.com"]
[Date "2021.02.06"]
[Round "2"]
[White "NiceLoyalLogic"]
[Black "CyberSpaceKing"]
[Result "1/2-1/2"]
[CurrentPosition "5k2/p4pp1/7p/3K1N2/4P3/7P/P4nP1/8 b - -"]
[Timezone "UTC"]
[ECO "C58"]
[ECOUrl "https://www.chess.com/openings/Italian-Game-Knight-Attack-Polerio-Bishop-Check-Line-6...c6-7.dxc6"]
[UTCDate "2021.02.06"]
[UTCTime "19:02:06"]
[WhiteElo "1047"]
[BlackElo "1046"]
[TimeControl "1200+10"]
[Termination "Game drawn by agreement"]
[StartTime "19:02:06"]
[EndDate "2021.02.06"]
[EndTime "19:19:42"]
[Link "https://www.chess.com/live/game/6472140186"]

1. e4 e5 2. Nf3 Nc6 3. Bc4 Nf6 4. Ng5 d5 5. exd5 Na5 6. Bb5+ c6 7. dxc6 Nxc6 8. Bd3 h6 9. Ne4 Nxe4 10. Bxe4 Bc5 11. O-O O-O 12. Re1 Qf6 13. Rf1 Bf5 14. Bxf5 Qxf5 15. d3 Rad8 16. Be3 Bxe3 17. fxe3 Qg6 18. Nc3 b5 19. Nxb5 e4 20. Qe2 exd3 21. cxd3 Rxd3 22. Rad1 Rxd1 23. Rxd1 Qf5 24. e4 Qe5 25. Rd5 Qf4 26. Rf5 Qc1+ 27. Rf1 Qc5+ 28. Kh1 Rb8 29. Nc3 Qb4 30. Rf2 Nd4 31. Qd2 Rd8 32. Nd5 Qxd2 33. Rxd2 Ne6 34. Ne7+ Kf8 35. Rxd8+ Nxd8 36. Nf5 Ne6 37. Kg1 Nf4 38. Kf2 Nd3+ 39. Ke2 Nxb2 40. Kd2 Nc4+ 41. Kc3 Ne5 42. Kd4 Ng4 43. h3 Nf2 44. Kd5 1/2-1/2

[Event "Live Chess"]
[Site "Chess.com"]
[Date "2021.02.06"]
[Round "2"]
[White "Night362"]
[Black "sahejB"]
[Result "1-0"]
[CurrentPosition "k5r1/1Q5p/2n5/3p2p1/1R1P4/N1P2PP1/P6P/5RK1 b - -"]
[Timezone "UTC"]
[ECO "C42"]
[ECOUrl "https://www.chess.com/openings/Petrovs-Defense-Classical-Damiano-Variation-4.Qe2"]
[UTCDate "2021.02.06"]
[UTCTime "19:02:15"]
[WhiteElo "1167"]
[BlackElo "449"]
[TimeControl "1200+10"]
[Termination "Night362 won by checkmate"]
[StartTime "19:02:15"]
[EndDate "2021.02.06"]
[EndTime "19:12:26"]
[Link "https://www.chess.com/live/game/6472141175"]

1. e4 e5 2. Nf3 Nf6 3. Nxe5 Nxe4 4. Qe2 d5 5. d3 Nc5 6. Nc6+ Be6 7. Nxd8 Kxd8 8. d4 Ncd7 9. Bf4 Bb4+ 10. c3 Ba5 11. Na3 Nc6 12. b4 Bb6 13. b5 Na5 14. Rb1 a6 15. bxa6 Rxa6 16. Qd2 Re8 17. Bxa6 bxa6 18. O-O Nf6 19. Be5 Ne4 20. Qe3 Rg8 21. g3 Bf5 22. f3 Nd6 23. Bxd6 cxd6 24. Qg5+ f6 25. Qxf5 Nc6 26. Rxb6 g6 27. Qxf6+ Kc7 28. Rxa6 Kb7 29. Ra4 Kb6 30. Qxd6 g5 31. Rb4+ Ka7 32. Qc7+ Ka8 33. Qb7# 1-0

[Event "Live Chess"]
[Site "Chess.com"]
[Date "2021.02.06"]
[Round "2"]
[White "anuraagaravind"]
[Black "AquaJollyPopsicle"]
[Result "1-0"]
[CurrentPosition "5Q1k/6pp/3P4/4p3/3b4/1P5P/P4PP1/5RK1 b - -"]
[Timezone "UTC"]
[ECO "B54"]
[ECOUrl "https://www.chess.com/openings/Sicilian-Defense-Open-Variation"]
[UTCDate "2021.02.06"]
[UTCTime "19:02:16"]
[WhiteElo "1223"]
[BlackElo "637"]
[TimeControl "1200+10"]
[Termination "anuraagaravind won by checkmate"]
[StartTime "19:02:16"]
[EndDate "2021.02.06"]
[EndTime "19:17:38"]
[Link "https://www.chess.com/live/game/6472141757"]

1. e4 c5 2. Nf3 d6 3. d4 cxd4 4. Nxd4 e5 5. Nf3 Nc6 6. Nc3 Nf6 7. Bc4 Be7 8. Bg5 O-O 9. Bxf6 Bxf6 10. O-O Qe7 11. Nd5 Qe6 12. b3 Bd8 13. Nc7 Bxc7 14. Bxe6 Bxe6 15. Qe2 Rfe8 16. Rad1 Rad8 17. c4 a6 18. h3 Ne7 19. Rfe1 Ng6 20. Ng5 Nf4 21. Qe3 Bd7 22. c5 dxc5 23. Qxc5 Rc8 24. Rxd7 b6 25. Qe3 Ng6 26. Rxf7 Bd8 27. Ra7 Be7 28. Rxa6 Bc5 29. Qg3 Rf8 30. Rf1 Rf7 31. Ne6 Bd6 32. Rxb6 Ba3 33. Ng5 Rfc7 34. Ne6 Bc5 35. Nxc7 Nf4 36. Qf3 Bxb6 37. Nd5 Nxd5 38. exd5 Rf8 39. Qe4 Bd4 40. d6 Rf4 41. Qd5+ Kh8 42. Qa8+ Rf8 43. Qxf8# 1-0

[Event "Live Chess"]
[Site "Chess.com"]
[Date "2021.02.06"]
[Round "2"]
[White "daodao01"]
[Black "Tactivian"]
[Result "1-0"]
[CurrentPosition "6Q1/7Q/1K6/8/7k/8/8/8 b - -"]
[Timezone "UTC"]
[ECO "C41"]
[ECOUrl "https://www.chess.com/openings/Philidor-Defense-3.Bc4"]
[UTCDate "2021.02.06"]
[UTCTime "19:02:08"]
[WhiteElo "1010"]
[BlackElo "802"]
[TimeControl "1200+10"]
[Termination "daodao01 won by checkmate"]
[StartTime "19:02:08"]
[EndDate "2021.02.06"]
[EndTime "19:11:54"]
[Link "https://www.chess.com/live/game/6472142239"]

1. e4 e5 2. Nf3 d6 3. Bc4 Be6 4. d3 Bxc4 5. dxc4 Nc6 6. Nc3 Nf6 7. O-O Be7 8. Be3 O-O 9. Nd5 Nxd5 10. cxd5 Nb4 11. c3 Na6 12. b4 Qd7 13. b5 Nb8 14. Rb1 a6 15. bxa6 Rxa6 16. Rxb7 Rxa2 17. Bb6 Na6 18. Be3 Ra3 19. Ra7 Ra5 20. Bb6 Rb5 21. Be3 Nb8 22. Qd2 Qg4 23. Qd3 Rb2 24. Rb1 Rxb1+ 25. Qxb1 Nd7 26. h3 Qg6 27. g3 Rb8 28. Rb7 Rxb7 29. Qxb7 Bd8 30. Qc8 Qf6 31. Qxd7 g5 32. Bxg5 Qxf3 33. Qxd8+ Kg7 34. Qf6+ Qxf6 35. Bxf6+ Kxf6 36. f3 h5 37. h4 Kg6 38. Kf2 f6 39. Ke3 f5 40. c4 fxe4 41. Kxe4 Kf6 42. f4 exf4 43. Kxf4 Kg6 44. g4 hxg4 45. Kxg4 Kh6 46. Kf5 Kh5 47. Ke6 Kxh4 48. Kd7 c5 49. Kxd6 Kg5 50. Kc6 Kf4 51. d6 Ke5 52. Kxc5 Ke6 53. Kc6 Ke5 54. Kc7 Ke6 55. d7 Ke7 56. d8=Q+ Ke6 57. Qd7+ Ke5 58. Kb6 Ke4 59. c5 Ke5 60. c6 Kf6 61. c7 Ke5 62. c8=Q Ke4 63. Qce8+ Kf3 64. Qdf7+ Kg4 65. Qeg8+ Kh4 66. Qfh7# 1-0

[Event "Live Chess"]
[Site "Chess.com"]
[Date "2021.02.06"]
[Round "2"]
[White "TerribleResolution"]
[Black "InkyEmptyMovie"]
[Result "1-0"]
[CurrentPosition "r3rk2/p4pQp/1pPP4/1b1B4/N6P/1P1P4/1BP2PP1/R3R1K1 b - -"]
[Timezone "UTC"]
[ECO "C25"]
[ECOUrl "https://www.chess.com/openings/Vienna-Game"]
[UTCDate "2021.02.06"]
[UTCTime "19:04:32"]
[WhiteElo "470"]
[BlackElo "247"]
[TimeControl "1200+10"]
[Termination "TerribleResolution won by checkmate"]
[StartTime "19:04:32"]
[EndDate "2021.02.06"]
[EndTime "19:09:47"]
[Link "https://www.chess.com/live/game/6472162402"]

1. e4 e5 2. Nc3 Bd6 3. Nf3 Na6 4. Bc4 Nf6 5. O-O O-O 6. d3 Bc5 7. Re1 Nb4 8. Nxe5 Nbd5 9. Bxd5 Bb4 10. h4 c5 11. a3 b6 12. axb4 Ba6 13. bxc5 Qe7 14. c6 d6 15. Nd7 Rfd8 16. e5 Ng4 17. exd6 Qf8 18. Qxg4 Re8 19. Nxf8 Kxf8 20. Na4 Bb5 21. b3 Re7 22. Bb2 Ree8 23. Qxg7# 1-0